 Dungeon Crawl Stone Soup version 0.31.0-11-ge490571c62 (webtiles) character file.

Game seed: 9921244892051928405

25 qw the Shooter (level 2, 0/14 HPs)
             Began as a Spriggan Hunter on Feb 4, 2024.
             Slain by a ribbon worm (6 damage)
             ... on level 2 of the Dungeon.
             The game lasted 00:00:03 (741 turns).

qw the Shooter (Spriggan Hunter)                     Turns: 741, Time: 00:00:03

Health: 0/14       AC:  2    Str:  7    XL:     2   Next: 82%
Magic:  3/3        EV: 10    Int: 10    God:
Gold:   66         SH:  0    Dex: 18    Spells: 1/1 levels left

rFire   . . .        a - +0 shortbow
rCold   . . .        (shield currently unavailable)
rNeg    . . .        c - +0 robe
rPois   .            (helmet restricted)
rElec   .            (no cloak)
rCorr   .            (gloves unavailable)
SInv    +            (boots unavailable)
Will    .....        (no amulet)
Stlth   ++           (no ring)
HPRegen 0.22/turn    (no ring)
MPRegen 0.08/turn

%: no passive effects
@: held, very quick
A: very small, no large weapons, unfitting armour, see invisible, speed 3
a: no special abilities


You were on level 2 of the Dungeon.
You visited 1 branch of the dungeon, and saw 2 of its levels.

You collected 66 gold pieces.


Innate Abilities, Weirdness & Mutations

You are very small and have problems with some larger weapons.
You are too small for most types of armour.
You have supernaturally acute eyesight. (SInv)
You cover ground extremely quickly. (Speed+++)


   Skills:
 - Level 1.5 Fighting
 + Level 4.3 Ranged Weapons
 - Level 4.0 Dodging
 - Level 1.5 Stealth


You had one spell level left.
You didn't know any spells.
Your spell library was empty.

Inventory:

Hand Weapons
 a - a +0 shortbow (weapon)
Armour
 c - a +0 robe (worn)
Potions
 g - a potion of mutation

Dungeon Overview and Level Annotations

Branches:
Dungeon (2/15)

Altars:


Message History

The stream of webbing misses you.
A kobold comes into view. It is wielding a +0 short sword.
You shoot an arrow.
The arrow barely misses the ribbon worm.
The arrow hits the hobgoblin but does no damage.
A bat comes into view.
The ribbon worm bites you.
You shoot an arrow. The arrow hits the ribbon worm.
The ribbon worm is moderately wounded.
The ribbon worm barely misses you.
You shoot an arrow.
The arrow barely misses the ribbon worm.
The arrow hits the hobgoblin.
The hobgoblin is severely wounded.
The ribbon worm misses you.
An endoplasm comes into view.
You shoot an arrow. The endoplasm quivers.
The arrow hits the ribbon worm!
The ribbon worm is severely wounded.
The ribbon worm barely misses you.
You shoot an arrow.
The arrow hits the ribbon worm but does no damage.
The ribbon worm is severely wounded.
The ribbon worm misses you.
You shoot an arrow.
The arrow barely misses the ribbon worm.
The arrow closely misses the hobgoblin.
The arrow hits the bat.
The bat is heavily wounded.
The ribbon worm expels a string of sticky webbing.
The stream of webbing hits you but does no damage.
You are caught in a web!
The ribbon worm bites you!
Ouch! That really hurt!
The ribbon worm barely misses you. The ribbon worm barely misses you.
The ribbon worm bites you but does no damage.
The ribbon worm bites you. The ribbon worm bites you.
You die...

#...#.##
##...#...
.
.(......#
..
#..>...#
...
...#.<##..
......
#..# #<@#
##w# #g#
#b# #K#
.J. ...
...


You could see a ribbon worm, an endoplasm, a hobgoblin, a bat and a kobold.

Vanquished Creatures
  2 dart slugs (D:1)
  A ball python (D:1)
  An endoplasm (D:1)
  4 goblins (D:1)
  2 hobgoblins
  A quokka (D:2)
  2 bats (D:1)
  A frilled lizard (D:1)
  3 kobolds (D:1)
  3 rats (D:1)
20 creatures vanquished.

Notes
Turn   | Place    | Note
-------+----------+-------------------------------------------
     0 | D:1      | qw the Spriggan Hunter began the quest for the Orb.
     0 | D:1      | Reached XP level 1. HP: 10/10 MP: 2/2
     0 | D:1      | 0 ||| qw: Version: 0.3-a-160-g6735b56
     0 | D:1      | 0 ||| qw: Game counter: 6080
     0 | D:1      | 0 ||| qw: Melee chars always use a shield: true
     0 | D:1      | 0 ||| qw: God list: Okawaru
     0 | D:1      | 0 ||| qw: Allow faded altars: false
     0 | D:1      | 0 ||| qw: Do Orc after clearing Dungeon:15 true
     0 | D:1      | 0 ||| qw: Do second Lair branch before Depths: true
     0 | D:1      | 0 ||| qw: Lair rune preference: random
     0 | D:1      | 0 ||| qw: Goals: Normal
     0 | D:1      | 0 ||| PLANNING D:1-11
    28 | D:1      | Reached skill level 3 in Dodging
   136 | D:1      | Reached XP level 2. HP: 14/14 MP: 3/3
   529 | D:1      | Found a faded altar of an unknown god.
   591 | D:1      | 591 ||| READING scroll labelled FAZOTO SUOKLUS.
   595 | D:1      | 595 ||| READING 2 scrolls labelled SUAMIUSA XUDWO.
   696 | D:1      | 696 ||| READING scroll labelled IFO FELALOSCHE.
   696 | D:1      | 696 ||| IDENTIFYING sapphire potion
   697 | D:1      | 697 ||| READING scroll labelled ZEANLU JAOSKAVU.
   698 | D:1      | 698 ||| READING scroll labelled UCYOLLU MEEME.
   699 | D:1      | 699 ||| DROPPING scroll of butterflies.
   700 | D:1      | 700 ||| DROPPING scroll of vulnerability.
   741 | D:2      | Slain by a ribbon worm

Levels and vault maps discovered:
D:1:      dpeg_arrival_subterranean_lakeside_camping, layout_basic,
          basic_ecumenical_altar, minmay_pentomino_p4
D:2:      layout_basic

Skill      XL: |  1  2 |
---------------+-------+-----
Dodging        | 3 4 |  4.0
Fighting       | |  1.5
Ranged Weapons | |  4.3
Stealth        | |  1.5

Action                     || total
---------------------------++-------
   Fire: Shortbow          ||    68
    Use: Scroll            ||     5
 Armour: Robe              ||    13
  Dodge: Dodged            ||    25

Table legend:
 A = Non-vault XP
 B = Vault XP
 C = Vault XP percentage of total XP
 D = Non-vault monster count
 E = Vault monster count
 F = Vault count percentage of total count
                 A         B        C        D         E       F
            +---------+---------+-------+---------+---------+-------
      Total |      21 |      15 |  41.7 |      11 |       9 |  45.0
            +---------+---------+-------+---------+---------+-------
        D:1 |      17 |      15 |  46.9 |       9 |       9 |  50.0
        D:2 |       4 |       0 |   0.0 |       2 |       0 |   0.0
            +---------+---------+-------+---------+---------+-------
